Unix xNetHack Version 7.1.0 - last build Jul 4 2022 02:09:00 (ec8469f2eb63cac24863ec985b09651f3a72bf9f). Game began 2022-07-06 09:34:26, ended 2022-07-06 10:32:50. nmlkj, chaotic male human Wizard ---- --- |..-- --- |..---...---.--- |...|u...)G....| |..)@GG.....Gi.| ----...........-- --....../.<...| |.............-- |.--)..%.......- .- |..........(..- - |..............- ----....---....... --...| .....- |...| -....| |...- ...- --... ... |.... ....- ---... ...| -..| -.-- --- -- Nmlkj the Conjurer St:11 Dx:14 Co:13 In:18 Wi:10 Ch:9 Chaotic S:1155 Dlvl:5 $:67 HP:0(42) Pw:6(54) AC:2 Xp:5/217 T:1161 Hungry Stressed Latest messages: The gnome picks up a pair of silver hard shoes. The gnome puts on a pair of silver hard shoes. The gnome lord throws a dagger! You are hit by a dagger. The gnome picks up a thonged club. The gnome picks up a dagger. The gnome picks up 2 wooden crossbow bolts. The gnome picks up a broad short sword. In what direction? l The dagger hits the gnome lord. The gnome lord swings his crossbow. The gnome lord hits! The gnome picks up an axe. The gnome lord swings his crossbow. The gnome lord just misses! The gnome picks up an arrow. The gnome moves the imp out of his way! In what direction? l The dagger hits the gnome lord. The gnome lord swings his crossbow. The gnome lord misses! The gnome picks up a hard hat. You are beginning to feel hungry. The gnome lord swings his crossbow. The gnome lord hits! In what direction? l The dagger misses the gnome lord. The gnome lord swings his crossbow. The gnome lord hits! The gnome picks up 3 daggers. You hear crashing rock. The gnome picks up 3 wooden crossbow bolts. In what direction? l The dagger hits the gnome lord. The gnome throws a dagger! The dagger hits the gnome lord. The gnome lord swings his crossbow. The gnome lord hits! The gnome puts on a hard hat. The pony kicks! The pony bites! You don't have enough stamina to move. The pony kicks! The pony just misses! The gnome wields a thonged club! The pony misses! Your crystal plate mail blocks the pony's attack. The pony kicks! The pony bites! You die... Major events: Turn 1: nmlkj the chaotic male human Wizard entered the dungeon 215: entered the Gnomish Mines 269: attained the rank of Conjurer (level 3) 982: destroyed nmlkj's ghost, the former Conjurer 1161: killed by a pony Inventory: Inventory: 1121/650 weight (35/52 slots) Coins $ - 67 gold pieces {1} Weapons J - 12 +3 arrows {12} K - a +0 copper bow {85} r - 11 +0 mithril darts {6} m - a +0 dagger (at the ready) {10} M - a cursed +0 elven dagger {10} a - a blessed +1 quarterstaff (alternate weapon; not wielded) {40} n - a +1 platinum glaive (weapon in hands) {112} Armor b - an uncursed +0 cloak of magic resistance (being worn) {8} R - a cursed +0 crystal plate mail (being worn) {338} Comestibles S - a cursed pear {2} T - 2 cursed lichen corpses {40} Scrolls l - an uncursed scroll of light {5} v - a cursed scroll of light {5} B - a cursed scroll of remove curse {5} Spellbooks c - a blessed spellbook of force bolt {35} F - a cursed spellbook of force bolt {35} D - a cursed spellbook of healing {35} d - a blessed spellbook of magic missile {40} E - a cursed spellbook of magic missile {40} f - an uncursed spellbook of sleep {45} e - an uncursed spellbook of slow monster {35} C - a cursed spellbook of slow monster {35} Potions i - an uncursed potion of extra healing {20} w - an uncursed potion of object detection {20} k - an uncursed potion of paralysis {20} y - an uncursed potion of see invisible {20} p - an uncursed potion of sickness {20} Rings A - a cursed ring of searching (on right hand) {3} Wands x - a wand of digging (0:6) {7} Tools U - a cursed leather bag of tricks (0:20) {22} g - an uncursed blindfold {2} u - an uncursed pea whistle {3} V - a cursed skeleton key {3} Gems/Stones o - an uncursed worthless piece of orange glass {1} h - an uncursed worthless piece of yellowish brown glass {1} Nmlkj the Wizard's attributes: Background: You were a Conjurer, a level 5 male human Wizard. You were chaotic, nominally on a mission for Anhur who was opposed by Ptah (lawful) and Thoth (neutral). You were heterosexual. You were in the Gnomish Mines, on level 5. You entered the dungeon 1161 turns ago. You had 217 experience points, 103 more were needed to attain level 6. Your score was 1155 before end-of-game adjustments. Basics: You had 0 out of 42 hit points. You had 6 out of 54 energy points (spell power). Your armor class was 2. Your wallet contained 67 zorkmids. Autopickup was on for '$"?+!=/' plus thrown. Final Characteristics: Your strength was 11 (limit:18/100). Your dexterity was 14 (peak:15, limit:18). Your constitution was 13 (limit:18). Your intelligence was 18 (limit:18). Your wisdom was 10 (limit:18). Your charisma was 9 (limit:18). Final Status: You were hungry. You were stressed; movement was moderately slowed. You were wielding a polearm. You were unskilled in polearms. Final Attributes: You were devoutly aligned. You were magic-protected. You had automatic searching. You were guarded. You are dead. Miscellaneous: You encountered 1 bones level. Total elapsed playing time was 21 minutes and 13 seconds. Vanquished creatures: a ghost a yellow light a gnome leader a gray ooze 3 dwarves a giant bat an acid blob 2 hobbits a red mold 13 gnomes a gecko a fox a grid bug 2 newts 30 creatures vanquished. No species were genocided or became extinct. Voluntary challenges: You were an atheist. You read items or engraved 3 times. You never genocided any monsters. You never polymorphed an object. You never changed form. You never touched an artifact. You used no wishes. You never owned a pet. You never scared an enemy with impunity. You were celibate. You never generated conflict. Achievements: You entered the Gnomish Mines. You attained the rank of Conjurer. The Dungeons of Doom: levels 1 to 2 Level 1: Level 2: A sink. Stairs down to The Gnomish Mines. The Gnomish Mines: levels 3 to 5 Level 3: Level 4: Final resting place for nmlkj-Wiz-Hum-Mal-Cha, killed by a watchman. Level 5: <- You were here. Final resting place for you, killed by a pony. Game over: __________ / \ / REST \ / IN \ / PEACE \ / \ | nmlkj | | 67 Au | | killed by a pony | | | | | | | | 2022 | *| * * * | * _________)/\\_//(\/(/\)/\//\/|_)_______ Goodbye nmlkj the Wizard... You died in The Gnomish Mines on dungeon level 5 with 1149 points, and 67 pieces of gold, after 1161 moves. You were level 5 with a maximum of 42 hit points when you died.